 Dungeon Crawl Stone Soup version 0.27-a0-216-g1fbed8a51c (webtiles) character file.

Game seed: 7270789844043784340

28 iamserjio the Skirmisher (level 3, -2/35 HPs)
             Began as a Gnoll Abyssal Knight on Jan 31, 2021.
             Was a Believer of Lugonu.
             Slain by an adder (5 damage)
             ... on level 2 of the Dungeon.
             The game lasted 00:01:57 (251 turns).

iamserjio the Skirmisher (Gnoll Abyssal Knight)      Turns: 251, Time: 00:01:58

Health: -2/35      AC:  6    Str: 11    XL:     3   Next: 12%
Magic:  6/6        EV: 12    Int: 12    God:    Lugonu [**....]
Gold:   13         SH:  0    Dex: 11    Spells: 3/3 levels left

rFire    . . .     SeeInvis .   a - +1 falchion
rCold    . . .     Faith    .   (no shield)
rNeg     . . .     Spirit   .   e - +1 leather armour {rPois}
rPois    +         Reflect  .   (no helmet)
rElec    .         Harm     .   (no cloak)
rCorr    .         Rampage  .   l - +1 pair of gloves
Will     +....                  (no boots)
Stlth    +.........             (no amulet)
HPRegen  0.11/turn              f - ring of willpower
MPRegen  0.10/turn              (no ring)

@: brilliant
A: distributed training, fangs 1, strong nose
a: Renounce Religion, Depart the Abyss, Bend Space


You were on level 2 of the Dungeon.
You worshipped Lugonu.
Lugonu was pleased with you.
You visited 1 branch of the dungeon, and saw 2 of its levels.
You visited the Abyss 1 time.

You collected 13 gold pieces.

Inventory:

Hand Weapons
 a - a +1 falchion (weapon)
 k - a -1 dagger
Armour
 b - a +0 leather armour
 e - a +1 leather armour of poison resistance (worn)
 l - a +1 pair of gloves (worn)
Jewellery
 f - a ring of willpower (left hand)
Scrolls
 c - 2 scrolls of identify {@r1}
 d - a scroll of immolation
 i - a scroll of amnesia {unknown}


   Skills:
 + Level 6.5 Fighting
 + Level 0.6 Short Blades
 + Level 4.5 Long Blades
 + Level 0.6 Axes
 + Level 0.6 Maces & Flails
 + Level 0.6 Polearms
 + Level 0.6 Staves
 + Level 0.6 Slings
 + Level 0.6 Bows
 + Level 0.6 Crossbows
 + Level 0.6 Throwing
 + Level 4.5 Armour
 + Level 2.5 Dodging
 + Level 0.6 Stealth
 + Level 0.6 Shields
 + Level 0.6 Unarmed Combat
 + Level 0.6 Spellcasting
 + Level 0.4 Conjurations
 + Level 0.4 Hexes
 + Level 0.4 Summonings
 + Level 0.4 Necromancy
 + Level 0.4 Translocations
 + Level 0.4 Transmutations
 + Level 0.4 Fire Magic
 + Level 0.4 Ice Magic
 + Level 0.4 Air Magic
 + Level 0.4 Earth Magic
 + Level 0.4 Poison Magic
 + Level 4.5 Invocations
 + Level 0.6 Evocations


You had 3 spell levels left.
You didn't know any spells.
Your spell library was empty.

Dungeon Overview and Level Annotations

Branches:
Dungeon (2/15)

Altars:


Innate Abilities, Weirdness & Mutations

Your experience applies equally to all skills.
You have very sharp teeth.
Your uncanny sense of smell can sniff out nearby items.


Message History

The adder bites you.
* * * LOW HITPOINT WARNING * * *
You barely miss the adder. The adder bites you but does no damage.
You miss the adder. The adder completely misses you.
You miss the adder.
You feel sick. The adder barely misses you. The adder bites you.
* * * LOW HITPOINT WARNING * * *
You closely miss the adder. The adder barely misses you.
You riposte.
You closely miss the adder. You miss the adder. The adder closely misses you.
You riposte.
You miss the adder. The adder closely misses you.
You closely miss the adder.
You feel sick.
You are no longer poisoned.
The adder bites you.
* * * LOW HITPOINT WARNING * * *
You hit the adder. The adder closely misses you.
The adder completely misses you.
You riposte.
You barely miss the adder. You closely miss the adder.
The adder bites you but does no damage.
You closely miss the adder. The adder bites you.
You die...

## ..# .###.#
##.#..#
.....# ∆
#...# #.<.#
#...#
#...#########
#..SS@.......
#...#########
.?....##
.....## #####


You could see 2 adders.

Vanquished Creatures
  An ooze (D:1)
  2 leopard geckos (D:1)
  A giant cockroach (D:1)
  3 goblins (D:1)
  4 hobgoblins (D:1)
  4 jackals (D:1)
  2 kobolds (D:1)
  2 rats (D:1)
19 creatures vanquished.

Notes
Turn   | Place    | Note
-------+----------+-------------------------------------------
     0 | Abyss:1  | iamserjio the Gnoll Abyssal Knight began the quest for the
                  | Orb.
     0 | Abyss:1  | Reached XP level 1. HP: 23/23 MP: 3/3
    28 | D:1      | Escaped the Abyss
    80 | D:1      | Reached XP level 2. HP: 23/29 MP: 5/5
   191 | D:1      | Reached XP level 3. HP: 23/35 MP: 6/6
   208 | D:1      | Reached ** piety under Lugonu
   251 | D:2      | Slain by an adder

Illustrated notes

Levels and vault maps discovered:
D:1:      amcnicky_arrival_flooded_fountain, layout_rooms
D:2:      layout_loops_ring, lemuel_doored_altar, uniq_jessica

Action                   || total
-------------------------++-------
Melee: Falchion          ||    72
       Bite              ||     3
       Punch             ||     1
  Use: Scroll            ||     3
       Potion            ||     1
Armor: Leather armour    ||    20
Dodge: Dodged            ||    61
       Rpst.: Falchion   ||    14

Table legend: (Time is in decaauts)
 A = Elapsed time spent in this place.
 B = Non-inter-level travel time spent in this place.
 C = Inter-level travel time spent in this place.
 D = Time resting spent in this place.
 E = Time spent auto-exploring this place.
 F = Levels seen in this place.
 G = Mean time per level.
                   A        B        C        D        E       F      G
               +--------+--------+--------+--------+--------+-----+--------+
         Total |    254 |    254 |      0 |      0 |      0 |   3 |   84.7 |
       Dungeon |    226 |    226 |      0 |      0 |      0 |   2 |  113.0 |
         Abyss |     28 |     28 |      0 |      0 |      0 |   1 |   28.0 |
               +--------+--------+--------+--------+--------+-----+--------+

Top non-repeatable levels by time:
     D:1: 189 daAuts
     D:2: 37 daAuts
 Abyss:1: 28 daAuts
